[Event "Betsys MČR v online bleskovém šachu 2021"]
[Site "Chess.com"]
[Date "2021.04.17"]
[Round "13"]
[White "JosefBara"]
[Black "sajmon8"]
[Result "0-1"]
[WhiteElo "1321"]
[BlackElo "1654"]
[TimeControl "180+1"]
[EndTime "11:11:55 PDT"]
[Termination "Uživatel sajmon8 zvítězil na čas"]

1. d4 d5 2. c4 e6 3. Nc3 Nf6 4. Nf3 Be7 5. Bg5 O-O 6. cxd5 Nxd5 7. Bxe7 Qxe7 8. Nxd5 exd5 9. e3 b6 10. Be2 Bb7 11.
O-O Nd7 12. b3 Rac8 13. Rc1 c5 14. dxc5 bxc5 15. Bb5 Nb6 16. Re1 Rfd8 17. a3 a6 18. Be2 c4 19. bxc4 dxc4 20. Qc2 Qxa3 21. Ne5 Qe7 22. Nxc4 Nxc4 23. Bxc4 Bd5 24. Qa4 Bxc4 25.
Rxc4 Rxc4 26. Qxc4 a5 27. Qa4 Qc5 28. h3 h6 29. Rb1 Rd2 30. Qe4 g6 31. Rb8+ Kg7 32. Qe8 Qc1+ 33. Kh2 Qc7+ 34. f4 Kf6 35. Qh8+ Kf5 36.
Rb5+ Ke4 37. Re5+ Kd3 38. Rd5+ Ke2 39. Rxd2+ Kxd2 40. Qxh6 Qc6 41. Qf8 a4 42. Qd8+ Kc2 43. Qd4 a3 44. Qa1 Qc3 45. Qf1 a2 46. Qf2+ Qd2 47.
Qxd2+ Kxd2 48. Kg3 a1=Q 0-1

[Event "Betsys MČR v online bleskovém šachu 2021"]
[Site "Chess.com"]
[Date "2021.04.17"]
[Round "13"]
[White "Rubinus"]
[Black "Jindrich4321"]
[Result "0-1"]
[WhiteElo "2134"]
[BlackElo "1944"]
[TimeControl "180+1"]
[EndTime "11:11:56 PDT"]
[Termination "Uživatel Jindrich4321 zvítězil po vzdání soupeře"]

1. e4 e6 2. d4 d5 3. exd5 exd5 4. Bd3 Bd6 5. Nc3 Ne7 6. Nge2 Nbc6 7. Bg5 f6 8. Bh4 Nb4 9. a3 Nxd3+ 10. Qxd3 O-O 11. f3 Bf5 12. Qd2 c6 13. g4 Bg6 14. Bg3 Qc7 15.
O-O-O f5 16. Bxd6 Qxd6 17. h4 fxg4 18. fxg4 Rf2 19. h5 Bf7 20. Rdf1 Rxf1+ 21. Rxf1 Be6 22. Qg5 h6 23. Qh4 Rf8 24. Rxf8+ Kxf8 25. Qf2+ Kg8 26. Qf3 Qd7 27. Nf4 Bxg4 28. Qe3 Bf5 29. Qe5 Kh7 30.
b4 a6 31. Na4 b6 32. Nxb6 Qd8 33. Na4 Bg4 34. Nc5 Ng8 35. Nce6 Qe7 36. Nc5 Qxe5 37.
dxe5 Ne7 38. Nxa6 g5 39. hxg6+ Nxg6 40. Nxg6 Kxg6 41. Nc5 h5 42. Nd3 h4 43. a4 h3 44.
Nf4+ Kf5 45. Nxh3 Bxh3 46. b5 cxb5 47. a5 Kxe5 48. a6 Bc8 49. Kb2 Bxa6 50. Ka3 d4 51. Kb4 Bc8 52. Kxb5 Bf5 53. Kc4 Bxc2 54. Kb4 Ke4 55.
Kc4 Bd1 56. Kb4 Ke3 57. Kc4 d3 58. Kc3 Bf3 59. Kb2 d2 60. Kc3 d1=Q 61. Kb4 Qc1 62. Kb3 Kd4 63. Kb4 Qb1+ 64. Ka3 Kc4 0-1

[Event "Betsys MČR v online bleskovém šachu 2021"]
[Site "Chess.com"]
[Date "2021.04.17"]
[Round "13"]
[White "DrStillestein"]
[Black "mysacek1414"]
[Result "1-0"]
[WhiteElo "2103"]
[BlackElo "1914"]
[TimeControl "180+1"]
[EndTime "11:11:57 PDT"]
[Termination "Uživatel DrStillestein zvítězil na čas"]

1. e4 e6 2. d4 d5 3. e5 c5 4. c3 Nc6 5. Nf3 Bd7 6. Be3 Nh6 7. Bd3 Qb6 8. Qb3 cxd4 9. Qxb6 axb6 10. Bxd4 Bc5 11. Nbd2 Bxd4 12. cxd4 Nb4 13. Bb1 Bb5 14. a3 O-O 15. Nb3 Nd3+ 16. Bxd3 Bxd3 17. Kd2 Be4 18. Ke2 Bc2 19. Nfd2 Rfc8 20. Rhc1 Nf5 21. g4 Ne7 22. f4 Ng6 23. Ke3 Ra4 24. Ra2 Ne7 25.
Na1 Bg6 26. Rxc8+ Nxc8 27. b3 Ra8 28. b4 Ne7 29. Nab3 h5 30. h3 Rc8 31. gxh5 Rc3+ 32.
Kf2 Bxh5 33. a4 Rxh3 34. a5 bxa5 35. bxa5 Nc6 36. Nc5 Nxd4 37. Nxb7 Rh2+ 38. Ke3 Nf5+ 39. Kd3 Be2+ 40. Kc3 Bb5 41. a6 d4+ 42. Kc2 Ne3+ 43. Kc1 Rh1+ 44. Kb2 Bxa6 45. Rxa6 Rh2 46. Ra8+ Kh7 47.
Kc1 Rh1+ 48. Kb2 Rh2 49. Kb3 Rxd2 50. Rf8 Kg6 51. Nd6 Nf5 52. Nxf7 d3 53. Nd8 1-0

[Event "Betsys MČR v online bleskovém šachu 2021"]
[Site "Chess.com"]
[Date "2021.04.17"]
[Round "13"]
[White "milanpetras"]
[Black "Zelezny1984"]
[Result "0-1"]
[WhiteElo "1855"]
[BlackElo "2066"]
[TimeControl "180+1"]
[EndTime "11:11:57 PDT"]
[Termination "Uživatel Zelezny1984 zvítězil na čas"]

1. e4 c5 2. Nf3 a6 3. c3 e6 4. d4 d5 5. e5 Bd7 6. Be3 cxd4 7. cxd4 Ne7 8. Bd3 Bb5 9. Nc3 Bxd3 10. Qxd3 Nf5 11. O-O Nc6 12. a3 Be7 13. b4 b5 14.
Rac1 Rc8 15. Nb1 O-O 16. Nbd2 f6 17. exf6 Bxf6 18. Nb3 Be7 19. Rc2 Qb6 20. Rfc1 Na7 21. Nc5 Bxc5 22. Rxc5 Rxc5 23. Rxc5 Rc8 24. Bf4 Rxc5 25.
dxc5 Qc6 26. Ne5 Qc8 27. g4 Nh4 28. Bg3 Qd8 29. c6 Ng6 30. Qc2 Ne7 31. Qc5 Nac8 32. Bh4 Qe8 33. Bxe7 Qxe7 34. Qxe7 Nxe7 35. c7 g6 36. Nc6 Nc8 37. Nd8 e5 38. Kf1 Kf8 39.
Ke2 Ke7 40. f3 Kd6 41. Nf7+ Ke6 42. Nd8+ Kd7 43. Nf7 Kxc7 44. Nxe5 Kd6 45. Nd3 Nb6 46.
f4 Nc4 47. Nc5 Nxa3 48. Nxa6 d4 49. Kd3 Kd5 50. Nc7+ Kc6 51. Na6 Kd5 0-1

[Event "Betsys MČR v online bleskovém šachu 2021"]
[Site "Chess.com"]
[Date "2021.04.17"]
[Round "13"]
[White "l_pavlasek"]
[Black "hever99"]
[Result "0-1"]
[WhiteElo "1651"]
[BlackElo "1947"]
[TimeControl "180+1"]
[EndTime "11:11:57 PDT"]
[Termination "Uživatel hever99 zvítězil na čas"]

1. e4 c5 2. Nf3 d6 3. d4 cxd4 4. Nxd4 Nf6 5. Nc3 a6 6. Nf3 Nc6 7. Bf4 Bg4 8. Be2 h6 9. e5 dxe5 10. Qxd8+ Rxd8 11. Nxe5 Nxe5 12. Bxe5 Bf5 13. Bf3 Nd7 14.
Bg3 e6 15. Bxb7 Bb4 16. Bc7 Nc5 17. Bc6+ Ke7 18. Bxd8+ Rxd8 19. O-O Rd2 20. Na4 Rxc2 21. Nxc5 Rxc5 22. Ba4 Ra5 23. b3 Re5 24. Rad1 Re2 25.
Rd7+ Kf6 26. Ra7 Rxa2 27. Rxa6 Rb2 28. Rb6 Bc3 29. Rb7 Be5 30. Be8 Bg6 31. Ba4 Rc2 32.
Ra7 Rb2 33. Rb7 Rc2 34. h3 Rb2 35. Re1 Rc2 36. Rd1 Rb2 37. Be8 Rc2 38. g3 Rb2 39. Rdd7 Rc2 40. Bxf7 Bxg3 41. fxg3 Bxf7 42. Rxf7+ Ke5 43.
Rf1 Ke4 44. Rf2 Ke3 45. Rxc2 Kd3 46. Rc1 Ke3 47. Rf1 Ke4 48. Re1+ Kd4 49. Kf1 e5 50. b4 e4 51. b5 e3 52. b6 Kd3 53.
Rd7+ Kc4 54. b7 Kc5 55. b8=Q e2+ 0-1

[Event "Betsys MČR v online bleskovém šachu 2021"]
[Site "Chess.com"]
[Date "2021.04.17"]
[Round "13"]
[White "Federer302"]
[Black "catanist19"]
[Result "0-1"]
[WhiteElo "1574"]
[BlackElo "1744"]
[TimeControl "180+1"]
[EndTime "11:11:57 PDT"]
[Termination "Uživatel catanist19 zvítězil na čas"]

1. d4 d5 2. c4 e6 3. Nc3 Nf6 4. cxd5 exd5 5. Bg5 c6 6. Nf3 Be7 7. e3 Bf5 8. Bd3 Bxd3 9. Qxd3 Nbd7 10. h3 O-O 11.
O-O h6 12. Bf4 c5 13. dxc5 Nxc5 14. Qe2 Nce4 15. Nxe4 Nxe4 16. Rfd1 Rc8 17. Rac1 Qa5 18. a3 Bf6 19. Nd4 Bxd4 20. exd4 Rc6 21. Rxc6 bxc6 22.
Qg4 Nf6 23. Qf5 Re8 24. Bxh6 Re1+ 25. Rxe1 Qxe1+ 26. Kh2 Qe4 27. Qxe4 Nxe4 28. Be3 Nd6 29. b4 Nc4 30. Bc1 g6 31. Kg3 Kg7 32. Kf3 Kf6 33. g4 Ke6 34. h4 Nd6 35. h5 gxh5 36. gxh5 Kf6 37. h6 Kg6 38. Bf4 Nb5 39. a4 Nxd4+ 40.
Ke3 Nc2+ 41. Kd3 Nxb4+ 42. Kd4 Nc2+ 43. Kc5 d4 44. Kxc6 d3 45. Kb7 Nd4 46. Kxa7 Ne2 47.
Be3 Nc3 48. Kb7 Nxa4 49. Kc6 Nb2 50. Kd5 Nd1 51. Kd4 Nxe3 52. Kxd3 Nf5 0-1

[Event "Betsys MČR v online bleskovém šachu 2021"]
[Site "Chess.com"]
[Date "2021.04.17"]
[Round "13"]
[White "KatkaZ"]
[Black "Kokos3"]
[Result "0-1"]
[WhiteElo "1840"]
[BlackElo "1652"]
[TimeControl "180+1"]
[EndTime "11:11:58 PDT"]
[Termination "Uživatel Kokos3 zvítězil po vzdání soupeře"]

1. Nf3 Nf6 2. g3 g6 3. Bg2 Bg7 4. d3 d5 5. O-O e5 6. Nbd2 Nbd7 7.
e4 d4 8. c4 c5 9. h3 O-O 10. a3 Qe7 11. Kh2 h6 12. Ng1 Nh7 13. f4 f5 14. exf5 Rxf5 15. Ne4 exf4 16. Bxf4 g5 17. Bd2 Rxf1 18. Qxf1 Ne5 19. Re1 Nf6 20. Nxf6+ Qxf6 21. Qxf6 Bxf6 22. Be4 Rb8 23. b4 b6 24. Nf3 Nxf3+ 25. Bxf3 Bd7 26. Bd5+ Kg7 27. b5 Re8 28. Rxe8 Bxe8 29. Be6 Bg6 30. a4 Bxd3 31. a5 Be5 32. axb6 axb6 33. Bd5 Kf6 34. Kg2 Bf5 35. h4 gxh4 36. gxh4 h5 37. Bg5+ Kg6 38. Bd8 d3 39.
Bf3 Bg4 40. Be4+ Bf5 41. Bf3 d2 42. Bxb6 Bc2 43. Bxc5 d1=Q 44. Bxd1 Bxd1 45. Be3 Be2 46. Kf2 Bxc4 47. b6 Bd5 48. Ke2 Kf5 49. Bg5 Kg4 50. Bd8 Bg3 51. Kd3 Bxh4 52. Kd4 Bb7 53. Bc7 Bg5 54. Kc5 h4 55. Bd6 Bf4 56. Be7 h3 57.
Kd4 h2 58. Bf6 h1=Q 0-1

[Event "Betsys MČR v online bleskovém šachu 2021"]
[Site "Chess.com"]
[Date "2021.04.17"]
[Round "13"]
[White "alenka777"]
[Black "Z_u_z_i"]
[Result "0-1"]
[WhiteElo "1277"]
[BlackElo "1526"]
[TimeControl "180+1"]
[EndTime "11:12:00 PDT"]
[Termination "Uživatel Z_u_z_i zvítězil matem"]

1. e4 c5 2. Nc3 e6 3. Nf3 Nc6 4. Bc4 a6 5. d3 b5 6. Bb3 d5 7.
a3 Nf6 8. exd5 exd5 9. O-O Be7 10. Bg5 Be6 11. d4 c4 12. Ba2 O-O 13. b3 h6 14. Bf4 Bg4 15. h3 Bh5 16. Qe2 Re8 17. bxc4 dxc4 18. d5 Nd4 19. Bxh6 gxh6 20. Qe3 Nf5 21.
Qf4 Bg6 22. Nh4 Nxh4 23. Qxh4 Nxd5 24. Qxh6 Nxc3 25. Rfe1 Nxa2 26. Rxa2 Qd4 27. c3 Qxc3 28. Rae2 Qf6 29. g4 Rad8 30. Qe3 Rd7 31. f4 Bd3 32. Rf2 Qd4 33. Qxd4 Rxd4 34. g5 Kf8 35. h4 Bd6 36. h5 Rxf4 37. h6 Rxe1+ 38. Kg2 Rh4 39. g6 Rh2+ 40. Kf3 Rxf2+ 41. Kxf2 Re2+ 42. Kf3 fxg6 43. h7 Kg7 44. h8=Q+ Kxh8 45. Kg4 Kg7 46. Kg5 Bg3 47. Kg4 Bf2 48. Kf3 Be1 49. Kf4 Bd2+ 50. Kf3 Kf6 51. Kg4 g5 52. Kf3 Kf5 53. a4 Re3+ 54. Kf2 Kf4 55. axb5 Re2+ 56. Kg1 Kg3 57. Kf1 Re1# 0-1

[Event "Betsys MČR v online bleskovém šachu 2021"]
[Site "Chess.com"]
[Date "2021.04.17"]
[Round "13"]
[White "Bancroft"]
[Black "kecalk"]
[Result "1-0"]
[WhiteElo "1941"]
[BlackElo "2099"]
[TimeControl "180+1"]
[EndTime "11:12:01 PDT"]
[Termination "Uživatel Bancroft zvítězil na čas"]

1. d4 d5 2. c4 e6 3. Nc3 Nf6 4. cxd5 exd5 5. Bg5 Be7 6. Qc2 c6 7. e3 Nbd7 8. Bd3 h6 9. Bh4 Nh5 10. Bxe7 Qxe7 11. Nge2 Nb6 12. O-O O-O 13. Rae1 Be6 14. f3 f5 15. a4 Rae8 16. a5 Nc8 17. a6 b6 18. Nd1 Nd6 19. Qxc6 Rc8 20. Qa4 Nc4 21.
Bxc4 Rxc4 22. Qb5 Rfc8 23. Nf4 Rb4 24. Qd3 Nxf4 25. exf4 Qd6 26. Re5 Rcc4 27. Rfe1 Rxd4 28. Qc3 Rbc4 29. Qe3 Bd7 30. Nc3 Rb4 31. h3 Kh7 32.
Kh2 Bc8 33. Re7 Bxa6 34. Rxa7 Rxf4 35. g3 Rxb2+ 36. Ne2 Ra4 37. Qc3 Rxe2+ 38. Rxe2 d4 39. Qc2 Bxe2 40. Qxa4 d3 41. Rd7 Qe6 42. Qd4 Qg6 43. Rd6 Qf7 44. h4 b5 45. g4 fxg4 46. fxg4 b4 47. g5 1-0

[Event "Betsys MČR v online bleskovém šachu 2021"]
[Site "Chess.com"]
[Date "2021.04.17"]
[Round "13"]
[White "ZdenekRomanek"]
[Black "youhy"]
[Result "0-1"]
[WhiteElo "1563"]
[BlackElo "1751"]
[TimeControl "180+1"]
[EndTime "11:12:03 PDT"]
[Termination "Uživatel youhy zvítězil po vzdání soupeře"]

1. d4 Nf6 2. c4 e6 3. Nc3 Bb4 4. Nf3 O-O 5. e3 d5 6. Bd3 dxc4 7. Bxc4 c5 8. a3 Ba5 9. dxc5 Qxd1+ 10. Kxd1 Bxc3 11.
bxc3 Nbd7 12. c6 bxc6 13. Nd4 c5 14. Nb5 Nb6 15. Ba2 Rd8+ 16. Kc2 a6 17. Nc7 Ra7 18.
Rb1 Nbd7 19. Nxe6 fxe6 20. Bxe6+ Kf8 21. Rd1 Ke7 22. Bh3 Rb7 23. f3 Rxb1 24. Kxb1 Nb6 25. Rxd8 Kxd8 26. Bxc8 Kxc8 27. Kc2 Kd7 28. e4 Ke6 29. Kb3 Nfd7 30. a4 a5 31. Be3 c4+ 32.
Ka3 Kd6 33. Bd4 g6 34. h4 Nc5 35. Bxc5+ Kxc5 36. g4 Kd6 37. f4 Nd7 38. h5 gxh5 39. gxh5 Ke6 40. Kb2 Kf6 41. Kc2 Kg7 42. Kd2 Kh6 43.
Ke3 Kxh5 44. Kd4 Kg4 45. f5 h5 46. Kxc4 Kf4 47. Kd5 h4 48. Ke6 Nc5+ 49. Ke7 Nxe4 50. f6 Nxf6 51. Kxf6 h3 0-1

[Event "Betsys MČR v online bleskovém šachu 2021"]
[Site "Chess.com"]
[Date "2021.04.17"]
[Round "13"]
[White "pkozubik"]
[Black "FrantisekP"]
[Result "1-0"]
[WhiteElo "1211"]
[BlackElo "1624"]
[TimeControl "180+1"]
[EndTime "11:12:05 PDT"]
[Termination "Uživatel pkozubik zvítězil na čas"]

1. e4 c5 2. Nf3 Nc6 3. d4 cxd4 4.
Nxd4 g6 5. Nxc6 bxc6 6. Be3 Bg7 7.
c3 d6 8. Bd3 Nf6 9. Nd2 O-O 10.
O-O Qc7 11. f4 c5 12. f5 Bd7 13. Nf3 Rab8 14. b3 Bc6 15. Ng5 h6 16. Nxf7 Rxf7 17.
fxg6 Rff8 18. Qf3 Qb7 19. Qh3 Bxe4 20. Bxe4 Qxe4 21. Bxh6 Qxg6 22. Bxg7 Kxg7 23. Rf3 Rh8 24. Qe6 Qf7 25. Rg3+ Kf8 26. Qe2 Qh5 27. Qe6 Qf7 28. Qe2 Rb7 29. Rf1 Rc7 30. Qe3 Ke8 31. c4 Kd8 32. Rff3 Rf8 33. Rf4 Qe6 34. Qf3 Qe1+ 35. Qf1 Qxf1+ 36. Rxf1 Ne4 37. Re3 Rxf1+ 38. Kxf1 Ng5 39.
h4 Nf7 40. g4 e5 41. g5 Ke7 42.
Rf3 Ke8 43. g6 Nh6 44. h5 Rg7 45. Kg2 Ke7 46. Kg3 Ke6 47. Kh4 Nf5+ 48. Kg5 Ne7 49.
h6 Rxg6+ 50. Kh5 Rg8 51. h7 Rh8 52. Kh6 Nf5+ 53. Kg6 Rf8 54. Rxf5 1-0

[Event "Betsys MČR v online bleskovém šachu 2021"]
[Site "Chess.com"]
[Date "2021.04.17"]
[Round "13"]
[White "Lunaticx"]
[Black "JakubPulpan"]
[Result "0-1"]
[WhiteElo "2963"]
[BlackElo "2733"]
[TimeControl "180+1"]
[EndTime "11:12:06 PDT"]
[Termination "Uživatel JakubPulpan zvítězil po vzdání soupeře"]

1. d4 Nf6 2. c4 e6 3. Nf3 d5 4. Nc3 c5 5. cxd5 Nxd5 6. e4 Nxc3 7. bxc3 cxd4 8. cxd4 Bb4+ 9. Bd2 Bxd2+ 10. Qxd2 O-O 11. Bc4 Nd7 12. O-O b6 13. Rad1 Bb7 14. Rfe1 Rc8 15. Bb3 Re8 16. h3 Nf6 17. Qf4 Nh5 18. Qh2 b5 19.
Qe5 Nf6 20. Qf4 Nh5 21. Qg4 Nf6 22. Qh4 Nd7 23. Qf4 a5 24. a4 Rc3 25. Re3 Rxe3 26.
Qxe3 Nf6 27. Nd2 Bc6 28. axb5 Bxb5 29. Ra1 Qb6 30. Nf3 a4 31. Ba2 Bc6 32. Rb1 Qa7 33.
Nd2 Rd8 34. Rc1 Bb7 35. Rc4 Qa5 36. f3 Ba6 37. Rc5 Qb4 38. Bc4 Bxc4 39. Rxc4 Qb5 40.
Qc3 h6 41. Rb4 Qa5 42. Qa3 Ra8 43. Nc4 Qa7 44. Nb6 Rb8 45. Nxa4 Rd8 46. Qb2 e5 47. Nc5 Rxd4 48. Qc3 Rxb4 49. Qxb4 Nd7 50. Kh2 Qxc5 51. Qa4 Nf8 52. Qe8 Qd6 53. Qc8 Qe6 54. Qc7 g5 55. Qc1 Kg7 56. h4 Qf6 57. h5 Qf4+ 0-1

[Event "Betsys MČR v online bleskovém šachu 2021"]
[Site "Chess.com"]
[Date "2021.04.17"]
[Round "13"]
[White "121pepa"]
[Black "Tobish"]
[Result "0-1"]
[WhiteElo "1440"]
[BlackElo "1684"]
[TimeControl "180+1"]
[EndTime "11:12:06 PDT"]
[Termination "Uživatel Tobish zvítězil po vzdání soupeře"]

1. d4 d5 2. c4 Nc6 3. Nc3 Nf6 4. Nf3 Bg4 5. e3 g6 6. h3 Bxf3 7. Qxf3 e6 8. cxd5 exd5 9. Bb5 Bg7 10. O-O O-O 11. Qe2 Ne7 12. Bd2 c6 13. Ba4 Nf5 14. Bc2 Nd6 15. a3 Nc4 16. b4 Re8 17. Bd3 Nd6 18.
Rab1 a6 19. Rfc1 Qd7 20. Qf3 Nfe4 21. Bxe4 Nxe4 22. Qe2 Nxc3 23. Bxc3 Re4 24. Rf1 Rae8 25.
Bd2 Bf6 26. Bc3 h5 27. Qf3 Bg5 28. Qg3 Bf6 29. Qf3 Bg7 30. Qg3 Kh7 31. Rbe1 Qe7 32. Bd2 f5 33. Kh1 Bf6 34. Kg1 Qd7 35. Qf3 Be7 36. Qg3 Bd6 37. Qh4 Rxh4 38. g3 Rhe4 39. Kg2 Qe6 40. f3 Rxe3 41. Rxe3 Qd7 42. Rd3 Qc7 43.
f4 Re6 44. Rf2 Qe7 45. Rdf3 Re2 46. Rxe2 Qxe2+ 47. Rf2 Qd3 48. Kg1 Qxa3 49. Kg2 Bxb4 50. Bxb4 Qxb4 51. Re2 a5 52. Re6 a4 53. Rf6 Kg7 54. Re6 a3 55. Re2 Qb3 56. Rd2 a2 57.
Rd1 Qxd1 0-1

[Event "Betsys MČR v online bleskovém šachu 2021"]
[Site "Chess.com"]
[Date "2021.04.17"]
[Round "13"]
[White "KJ327NR"]
[Black "VitaRasik"]
[Result "0-1"]
[WhiteElo "2351"]
[BlackElo "2619"]
[TimeControl "180+1"]
[EndTime "11:12:07 PDT"]
[Termination "Uživatel VitaRasik zvítězil po vzdání soupeře"]

1. e4 d6 2. d4 g6 3. Nc3 Bg7 4. g3 Nc6 5. Nge2 Bg4 6. d5 Nd4 7. Bg2 Nf3+ 8. Kf1 Nd4 9. h3 Nxe2 10. Nxe2 Bxe2+ 11. Qxe2 Nf6 12. Bf3 O-O 13. Kg2 c6 14. Bg5 Qb6 15. c3 h6 16. Be3 Qa5 17. Rhd1 cxd5 18.
exd5 b5 19. Bd4 Rfe8 20. Qd2 Nd7 21. Bxg7 Kxg7 22. Re1 Qb6 23. Qe3 Qxe3 24. Rxe3 Nb6 25. Rae1 Kf8 26. Re4 a6 27. Rb4 Rac8 28. Rh4 Kg7 29.
Rd4 Rc5 30. Re3 Nc4 31. Re2 Ne5 32. Be4 Nd7 33. f4 Nb6 34. Bf3 Rc4 35. Rxc4 Nxc4 36. b3 Nb6 37. Re3 Kf6 38. g4 g5 39. Kg3 Rc8 40. h4 Rc7 41. Rd3 Nd7 42. hxg5+ hxg5 43. fxg5+ Kxg5 44. Re3 Ne5 45. a3 Rc8 46. Kf2 Rh8 47.
Kg3 Rc8 48. c4 bxc4 49. bxc4 Rxc4 50. Rb3 a5 51. Rb7 Rc3 52. Rxe7 Rxf3+ 53. Kg2 Rd3 54. Ra7 Rxd5 55. a4 Kxg4 0-1

[Event "Betsys MČR v online bleskovém šachu 2021"]
[Site "Chess.com"]
[Date "2021.04.17"]
[Round "13"]
[White "fadamos"]
[Black "czlolcz"]
[Result "1-0"]
[WhiteElo "2309"]
[BlackElo "2186"]
[TimeControl "180+1"]
[EndTime "11:12:09 PDT"]
[Termination "Uživatel fadamos zvítězil na čas"]

1. e4 e5 2. Nf3 Nf6 3. Nxe5 d6 4. Nf3 Nxe4 5. d4 d5 6. Bd3 Be7 7. O-O Nc6 8. Re1 Bg4 9. c3 f5 10. Bf4 O-O 11. Nbd2 Kh8 12. h3 Bh5 13. Qb3 Bd6 14.
Ne5 Nxe5 15. dxe5 Bc5 16. Bxe4 fxe4 17. Bg3 c6 18. Nf1 Bb6 19. Ne3 Qg5 20. Kh2 Bf7 21. Qc2 Be6 22. Rad1 h5 23. h4 Qh6 24. b4 Rf7 25. a4 Raf8 26. a5 Bd8 27. c4 dxc4 28.
Nxc4 Bd5 29. Nd6 Qe6 30. Nxf7+ Rxf7 31. Rxe4 Be7 32. Rf4 Rxf4 33. Bxf4 Qg4 34. Bg3 Bxh4 35. Re1 Bxg3+ 36. fxg3 h4 37. Qf2 hxg3+ 38. Qxg3 Qh5+ 39. Qh3 Qxh3+ 40. Kxh3 Kg8 41. g4 Kf7 42. Kg3 Ke6 43. Kf4 b6 44. axb6 axb6 45. Ra1 c5 46. Ra6 c4 47. Rxb6+ Ke7 48. Rg6 Kf7 49. Ra6 c3 50. Ra3 g5+ 51. Kxg5 c2 52. Rc3 Be4 53. Kf4 Bg6 54.
b5 Ke6 55. b6 Bd3 56. b7 1-0

[Event "Betsys MČR v online bleskovém šachu 2021"]
[Site "Chess.com"]
[Date "2021.04.17"]
[Round "13"]
[White "Adam20032007"]
[Black "Pantata007"]
[Result "0-1"]
[WhiteElo "1848"]
[BlackElo "2227"]
[TimeControl "180+1"]
[EndTime "11:12:10 PDT"]
[Termination "Uživatel Pantata007 zvítězil matem"]

1. d4 d5 2. Nf3 Nf6 3. e3 Bg4 4. c4 c6 5. Nc3 e6 6. Qb3 Qb6 7.
Ne5 Bf5 8. cxd5 exd5 9. Qxb6 axb6 10. Be2 b5 11. O-O b4 12. Nd1 Nbd7 13. Nxd7 Kxd7 14.
b3 Ne4 15. Nb2 Nc3 16. Bd3 Bxd3 17. Nxd3 Rxa2 18. Rxa2 Nxa2 19. Bd2 Bd6 20. Ra1 Nc3 21. Bxc3 bxc3 22. Rc1 Ra8 23. g3 Ra3 24. Rxc3 b5 25. Nc5+ Bxc5 26. dxc5 b4 27. Rd3 Ra5 28. Rd4 Rxc5 29. Rxb4 Kd6 30. Kg2 Rb5 31. Rf4 Rxb3 32. Rxf7 c5 33. Rxg7 c4 34. Kf1 Rb2 35. Ke1 c3 36.
Rf7 Rb1+ 37. Ke2 c2 38. Rf6+ Kc5 39. Rf7 c1=Q 40. Kf3 Qd1+ 41. Kg2 Qh5 42. Rf4 Rb4 43. Rf8 Kd6 44. Rd8+ Ke7 45. Ra8 d4 46. exd4 Rxd4 47. Ra7+ Kd6 48. Ra6+ Ke5 49. Ra5+ Rd5 50. f4+ Kd6 51.
Ra6+ Kc5 52. Ra5+ Kb6 53. Ra2 Qf5 54. Rb2+ Kc6 55. Rf2 Rd3 56. Rd2 Qe4+ 57. Kh3 Rxd2 58. Kh4 Rxh2+ 59. Kg4 Qe6+ 60. Kf3 Qd5+ 61. Kg4 h5# 0-1

[Event "Betsys MČR v online bleskovém šachu 2021"]
[Site "Chess.com"]
[Date "2021.04.17"]
[Round "13"]
[White "Sandokanom"]
[Black "povrlak60"]
[Result "1-0"]
[WhiteElo "1762"]
[BlackElo "1578"]
[TimeControl "180+1"]
[EndTime "11:12:13 PDT"]
[Termination "Uživatel Sandokanom zvítězil na čas"]

1. c4 Nf6 2. Nf3 d6 3. d4 g6 4.
a3 Bg7 5. Nc3 O-O 6. e4 Bg4 7.
Be2 Nbd7 8. O-O e5 9. h3 Bxf3 10. Bxf3 c6 11. d5 Qc7 12. b3 Rad8 13. dxc6 bxc6 14.
Be3 Rfe8 15. Qc2 Nf8 16. Rad1 Ne6 17. b4 Nd7 18. Qa4 Nd4 19. Bg4 Nb6 20. Qa5 Qb7 21. c5 Nc4 22. Qa4 Nb2 23. Qa5 Nb3 24. Qxd8 Rxd8 25.
Rb1 Nc4 26. Rxb3 Nxe3 27. fxe3 dxc5 28. Rfb1 c4 29. R3b2 Bh6 30. Kf2 Qb6 31. Re1 Rd3 32. Na4 Qd8 33. Nc5 Rd2+ 34. Rxd2 Qxd2+ 35. Re2 Qd1 36.
Re1 Qd2+ 37. Re2 Qc1 38. Re1 Qxa3 39. Bf3 Qxb4 40. Nd7 Qd6 41. Rd1 Qb4 42. Nxe5 Bf8 43. Nxc6 Qb2+ 44. Kg1 a5 45. Nxa5 Qc2 46. Nc6 Bb4 47.
Re1 Qd2 48. Rf1 Qb2 49. Kh1 Kg7 50. h4 Bc3 51. h5 Bf6 52. hxg6 hxg6 53. e5 Qb6 54.
exf6+ Kxf6 55. Nd4 1-0

[Event "Betsys MČR v online bleskovém šachu 2021"]
[Site "Chess.com"]
[Date "2021.04.17"]
[Round "13"]
[White "MichalTrhal"]
[Black "Innerz98"]
[Result "0-1"]
[WhiteElo "1944"]
[BlackElo "2118"]
[TimeControl "180+1"]
[EndTime "11:12:14 PDT"]
[Termination "Uživatel Innerz98 zvítězil na čas"]

1. d4 d5 2. Bg5 Bf5 3. e3 c6 4. Bd3 Bg6 5. Nf3 Nf6 6. O-O Ne4 7.
Bh4 Nd7 8. Nc3 Ndf6 9. Ne5 Nxc3 10. bxc3 Qa5 11. c4 e6 12. Bxf6 gxf6 13. Nxg6 hxg6 14.
cxd5 Qxd5 15. Rb1 Bd6 16. g3 b5 17. e4 Qxd4 18. Bxb5 Qc5 19. Ba4 Kf8 20. Qe2 Kg7 21.
Rfd1 Rh5 22. Kg2 Rah8 23. Rh1 f5 24. exf5 Qd5+ 25. f3 Qxf5 26. Bxc6 Qg5 27. Rb5 Qf6 28.
Rxh5 Rxh5 29. Be4 Qc3 30. Qd3 Qc5 31. Rd1 Bc7 32. Qd4+ Qxd4 33. Rxd4 Ra5 34. a4 Bb6 35. Rc4 Kf6 36. Bc6 Re5 37. Re4 Rc5 38. Bb5 Rxc2+ 39. Re2 Rc3 40. Rd2 Rc1 41. Kh3 Rc5 42. Kg2 Ba5 43. Re2 Bb4 44. h4 a5 45. g4 Rc1 46.
Kg3 Bd6+ 47. Kf2 Bc5+ 48. Kg2 Rg1+ 49. Kh2 Rc1 50. Rg2 Bd6+ 51. Rg3 Bxg3+ 52. Kxg3 Rc3 53.
Kf2 e5 54. Kg2 Ra3 55. Kf2 Ke6 56. Kg2 Ke7 57. Kf2 f5 58. Kg2 e4 0-1

[Event "Betsys MČR v online bleskovém šachu 2021"]
[Site "Chess.com"]
[Date "2021.04.17"]
[Round "13"]
[White "Mimochodem"]
[Black "Bagr92"]
[Result "1-0"]
[WhiteElo "1796"]
[BlackElo "1595"]
[TimeControl "180+1"]
[EndTime "11:12:16 PDT"]
[Termination "Uživatel Mimochodem zvítězil po vzdání soupeře"]

1. e4 c5 2. Nf3 e6 3. Nc3 d5 4. exd5 exd5 5. d4 Nf6 6. Bg5 Nbd7 7. Nxd5 h6 8. Nxf6+ Nxf6 9. Be3 Be7 10. Bb5+ Bd7 11. Bxd7+ Qxd7 12. O-O O-O 13. dxc5 Qb5 14. b3 Rfd8 15. Qe1 Ng4 16. Bxh6 Bxc5 17. Bg5 Re8 18. Qd2 Qc6 19. h3 Ne5 20. Nxe5 Rxe5 21. Bf4 Rf5 22. Bg3 Qg6 23. Qd3 Bb6 24. a4 Rd8 25. Qe4 Qf6 26.
Kh2 Rd4 27. Qxb7 Rd2 28. f4 Qg6 29. Qf3 Rc5 30. Rf2 Rcxc2 31. Rxd2 Rxd2 32. Rc1 Rc2 33. Rd1 Kh7 34. Rd5 Qf6 35. Rh5+ Kg6 36. Qe4+ Kxh5 37. Qxc2 Kh6 38. Qe2 Kh7 39. Qe4+ Kg8 40. h4 g6 41. Qe5 Qxe5 42. fxe5 Kf8 43. Kh3 Ke7 44. Kg4 Ke6 45. h5 Be3 46. hxg6 fxg6 47. Kf3 Bd2 48. Ke4 Bc3 49. Bf2 a5 50. Bd4 Bb4 51. Kd3 Kd5 52.
g4 Ke6 53. Kc4 g5 54. Bc5 Bxc5 55. Kxc5 Kxe5 56. Kb5 Kf4 57. Kxa5 Kxg4 58. b4 Kh3 59. b5 g4 60. b6 g3 61. b7 g2 62. b8=Q g1=Q 63. Qh8+ Kg2 64. Qg7+ Kh1 65. Qxg1+ Kxg1 66. Kb6 1-0

[Event "Betsys MČR v online bleskovém šachu 2021"]
[Site "Chess.com"]
[Date "2021.04.17"]
[Round "13"]
[White "BRNOTEACHER"]
[Black "Herracek"]
[Result "0-1"]
[WhiteElo "2384"]
[BlackElo "2614"]
[TimeControl "180+1"]
[EndTime "11:12:19 PDT"]
[Termination "Uživatel Herracek zvítězil na čas"]

1. d4 Nf6 2. c4 e6 3. Nc3 Bb4 4.
e3 d5 5. a3 Bxc3+ 6. bxc3 c5 7. cxd5 exd5 8. Bd3 O-O 9. Ne2 c4 10. Bc2 b5 11. f3 Re8 12. O-O a5 13. Ng3 Bb7 14.
Rb1 Bc6 15. e4 dxe4 16. fxe4 Qb6 17. Qf3 Nbd7 18. Qf2 Rf8 19. d5 Qxf2+ 20. Rxf2 Bb7 21. Rxb5 Rfb8 22. Nf5 Ng4 23. Rf1 Ba6 24. Rxa5 Nge5 25. Nd4 Nd3 26. Bf4 Rb2 27. Bd6 f6 28. Bb4 N7e5 29.
h3 Bb7 30. Rxa8+ Bxa8 31. Rd1 Kf7 32. Bxd3 cxd3 33. Nf3 Nc4 34. Rxd3 Ra2 35. Rd4 Nxa3 36. Bxa3 Rxa3 37. c4 Rc3 38. Kf2 Ke8 39. Ke2 Kd7 40. Kd2 Ra3 41. c5 Ra2+ 42. Ke3 Rxg2 43. c6+ Kd6 44. Ra4 Bxc6 45. Ra6 Rc2 46. Nd4 Rc3+ 47. Kd2 Rxh3 48. Rxc6+ Ke5 49. Ne2 Kxe4 50. Nc3+ Ke5 51. Re6+ Kd4 52. Rc6 Rd3+ 53. Kc2 Ke3 54. d6 Rd2+ 55.
Kb3 f5 56. Kc4 f4 57. Nd5+ Ke4 58. d7 Rd4+ 0-1